 Dungeon Crawl Stone Soup version 0.29.1-12-g30fa7ad0bf (webtiles) character file.

Game seed: 7477743329760158479

444 Zekkers the Sneak (level 6, -1/28 HPs)
             Began as a Spriggan Venom Mage on Dec 22, 2022.
             Killed from afar by Natasha (7 damage)
             ... with a magic dart
             ... on level 3 of the Dungeon.
             The game lasted 00:14:14 (3210 turns).

Zekkers the Sneak (Spriggan Venom Mage)             Turns: 3210, Time: 00:14:15

Health: -1/28      AC:  2    Str:  4    XL:     6   Next: 72%
Magic:  7/11       EV: 17    Int: 18    God:
Gold:   80         SH:  0    Dex: 16    Spells: 0/10 levels left

rFire   . . .      SeeInvis +   m - +0 dagger (venom)
rCold   . . .      Faith    .   (no shield)
rNeg    . . .      Spirit   .   a - +0 robe
rPois   .          Reflect  .   (helmet restricted)
rElec   .          Harm     .   (no cloak)
rCorr   .          Rampage  .   (gloves unavailable)
Will    +....                   (boots unavailable)
Stlth   +++.......              (no amulet)
HPRegen 0.09/turn               (no ring)
MPRegen 0.12/turn               (no ring)

@: very quick
A: very small, no large weapons, unfitting armour, see invisible, speed 3
a: no special abilities


You were on level 3 of the Dungeon.
You visited 1 branch of the dungeon, and saw 3 of its levels.

You collected 80 gold pieces.

Inventory:

Hand Weapons
 h - a +0 dagger
 m - a +0 dagger of venom (weapon)
Armour
 a - a +0 robe (worn)
Wands
 q - a wand of flame (38)
Scrolls
 c - 2 scrolls of enchant armour {unknown}
 f - a scroll of poison {unknown}
 g - 2 scrolls of silence {unknown}
 i - a scroll of noise {unknown}
 j - 2 scrolls of fog {unknown}
 n - a scroll of identify {unknown}
 o - 2 scrolls of teleportation {unknown}
 r - a scroll of vulnerability {unknown}
Potions
 b - a potion of magic
 d - 5 potions of curing
 e - 3 potions of attraction {unknown}
 k - 3 potions of invisibility {unknown}
 l - 2 potions of lignification {unknown}
 p - a potion of berserk rage {unknown}
 s - a potion of brilliance {unknown}


   Skills:
 - Level 2.6 Dodging
 - Level 6.1 Stealth
 + Level 2.6 Spellcasting
 - Level 1.3 Transmutations
 + Level 2.5 Air Magic
 * Level 6.0 Poison Magic


You couldn't memorise any spells.
You knew the following spells:

 Your Spells              Type           Power      Damage    Failure   Level
a - Poisonous Vapours     Pois/Air       34%        N/A       4%          2
b - Olgreb's Toxic Radia  Pois           24%        N/A       14%         4
c - Mephitic Cloud        Conj/Pois/Air  12%        N/A       16%         3
f - Sting                 Tmut/Pois      60%        1d6       3%          1

Your spell library contained the following spells:

 Spells                   Type           Power      Damage    Failure   Level
 Swiftness                Air            11%        N/A       17%         3
 Passwall                 Tmut/Erth      3%         N/A       19%         2
 Ensorcelled Hibernation  Hex/Ice        4%         N/A       26%         2
 Alistair's Intoxication  Tmut/Pois      10%        N/A       71%         5
 Borgnjor's Vile Clutch   Necr/Erth      1%         N/A       99%         5
 Eringya's Noxious Bog    Tmut/Pois      7%         N/A       99%         6


Dungeon Overview and Level Annotations

Branches:
Dungeon (3/15)

Altars:

Shops:
D:2 =

Annotations:
D:3 Natasha


Innate Abilities, Weirdness & Mutations

You are very small and have problems with some larger weapons.
You are too small for most types of armour.
You have supernaturally acute eyesight. (SInv)
You cover ground extremely quickly. (Speed+++)


Message History

Natasha casts a spell at you. The magic dart hits you.
You feel a bit more experienced.
Your Poison Magic skill increases to level 6!
This spell is extremely dangerous to cast!
Memorise Olgreb's Toxic Radiance, consuming 4 spell levels and leaving 0?
You start memorising the spell.
You continue memorising. x4
You finish memorising.
Spell assigned to 'b'.
Okay, then.
Casting: Poisonous Vapours (safe; 4% risk of failure)
Confirm with . or Enter, or press ? or * to list all spells.
Okay, then.
Natasha, Servant of Life and Death comes into view.
Natasha hisses angrily.
You hit Natasha but do no damage.
Natasha is poisoned.
Natasha misses you.
You barely miss Natasha.
Natasha is lightly wounded.
Natasha claws you!
You hit Natasha but do no damage.
Natasha looks as sick as possible!
Natasha is lightly wounded.
Natasha claws you!
Natasha drinks a potion.
Natasha is healed!
Natasha looks more healthy.
Casting: Poisonous Vapours (safe; 4% risk of failure)
Confirm with . or Enter, or press ? or * to list all spells.
Aiming: Poisonous Vapours (safe; 4% risk of failure)
Press: ? - help, Dir - move target, f - Natasha
Aim: Natasha Poisonous vapours surround Natasha!
Natasha is poisoned.
Casting: Poisonous Vapours (safe; 4% risk of failure)
Confirm with . or Enter, or press ? or * to list all spells.
Aiming: Poisonous Vapours (safe; 4% risk of failure)
Press: ? - help, Dir - move target, f/p - Natasha
Aim: Natasha (lightly wounded, poisoned) Poisonous vapours surround Natasha!
Natasha looks even sicker.
Natasha casts a spell at you. The magic dart hits you!
* * * LOW HITPOINT WARNING * * *
Natasha casts a spell at you. The magic dart hits you!
You die...

#.....................#
#.....................#
#.....................#
#........##############
#........# ##############h# ## #
##....####.#.##.## .# #
#†#.....###.##...##.## #
####.......#.@.8...#.. #
#.#.....#..#...#..#.. #
####.#....#..8..#.... #
#.#.#..#.......#..#
###############.##.##.###########
.........#.######.).######.#.....
#########.##..# ##.## #..##.#####
# ##.#...####...# ##...#.## #
##.##........#........##.##


You could see Natasha (very poisoned).

Vanquished Creatures
  Sigmund (D:2)
  An ogre (D:2)
  Natasha (twice) (D:3)
  3 adders
  3 gnolls (D:2)
  A worm (D:2)
  5 orcs (D:3)
  8 ball pythons
  7 endoplasms
  4 giant cockroaches
  7 goblins
  8 hobgoblins
  5 jackals (D:3)
  3 quokkas
  2 bats (D:1)
  2 frilled lizards (D:3)
  5 kobolds
  2 rats (D:1)
69 creatures vanquished.

Notes
Turn   | Place    | Note
-------+----------+-------------------------------------------
     0 | D:1      | Zekkers the Spriggan Venom Mage began the quest for the
                  | Orb.
     0 | D:1      | Reached XP level 1. HP: 9/9 MP: 5/5
   286 | D:1      | Reached XP level 2. HP: 13/13 MP: 1/6
   869 | D:1      | Reached XP level 3. HP: 16/16 MP: 2/8
  1079 | D:1      | Learned a level 2 spell: Poisonous Vapours
  1083 | D:1      | Learned a level 3 spell: Mephitic Cloud
  1221 | D:2      | Noticed an ogre
  1465 | D:2      | Reached XP level 4. HP: 21/21 MP: 9/9
  1824 | D:2      | Noticed Sigmund
  1843 | D:2      | Killed Sigmund
  1844 | D:2      | Reached skill level 5 in Stealth
  1844 | D:2      | Reached skill level 5 in Poison Magic
  1844 | D:2      | Reached XP level 5. HP: 24/24 MP: 5/10
  2161 | D:2      | Found a faded altar of an unknown god.
  2230 | D:2      | Found Homigaug's Jewellery Shoppe.
  2336 | D:2      | Killed an ogre
  2337 | D:2      | Reached XP level 6. HP: 28/28 MP: 11/11
  3036 | D:3      | Noticed Natasha
  3044 | D:3      | Killed Natasha
  3076 | D:3      | Noticed Natasha
  3096 | D:3      | Killed Natasha
  3103 | D:3      | Learned a level 4 spell: Olgreb's Toxic Radiance
  3196 | D:3      | Noticed Natasha
  3210 | D:3      | Killed from afar by Natasha

Illustrated notes

Levels and vault maps discovered:
D:1:      dpeg_arrival_round_c, layout_rooms
D:2:      layout_loops_cross, hellmonk_ecumenical_altar_slurped_away,
          serial_shops, shop, uniq_sigmund
D:3:      wad_crossroads, layout_basic, uniq_natasha

Skill      XL: |  1  2  3  4  5  6 |
---------------+-------------------+-----
Stealth        | 4 5 6 |  6.1
Poison Magic   | 4 5 6 |  6.0
Air Magic      | 2 |  2.5
Dodging        | |  2.6
Spellcasting   | |  2.6
Transmutations | |  1.3

Action                   |  1- 3 |  4- 6 || total
-------------------------+-------+-------++-------
Melee: Unarmed           |     1 |       ||     1
       Dagger            |    14 |    58 ||    72
       Punch             |       |     1 ||     1
 Cast: Sting             |    54 |    31 ||    85
       Poisonous Vapours |     4 |     6 ||    10
 Stab: Sleeping          |     4 |    10 ||    14
Armor: Robe              |     6 |     3 ||     9
Dodge: Dodged            |    33 |    44 ||    77
